 Dungeon Crawl Stone Soup version 0.29.1-2-gbd0b4ee654 (webtiles) character file.

Game seed: 5798678567746564142

44 Godmorgon the Trooper (level 3, -2/29 HPs)
             Began as a Formicid Abyssal Knight on Oct 27, 2022.
             Was a Priest of Lugonu.
             Slain by a black bear (10 damage)
             ... on level 2 of the Dungeon.
             The game lasted 00:04:46 (1239 turns).

Godmorgon the Trooper (Formicid Abyssal Knight)     Turns: 1239, Time: 00:04:47

Health: -2/29      AC:  5    Str: 19    XL:     3   Next: 87%
Magic:  4/4        EV: 10    Int:  9    God:    Lugonu [***...]
Gold:   81         SH:  4    Dex: 14    Spells: 2/2 levels left

rFire   . . .      SeeInvis +   a - +1 mace
rCold   . . .      Faith    .   b - +0 buckler
rNeg    . . .      Spirit   .   f - +0 ring mail
rPois   .          Reflect  .   (helmet unavailable)
rElec   .          Harm     .   (no cloak)
rCorr   .          Rampage  .   (no gloves)
Will    .....                   (no boots)
Stlth   +.........              (no amulet)
HPRegen 0.09/turn               (no ring)
MPRegen 0.09/turn               (no ring)

@: no status effects
A: permanent stasis, dig shafts and tunnels, antennae 3, four strong arms
a: Dig, Shaft Self, Renounce Religion, Depart the Abyss, Bend Space, Banish


You were on level 2 of the Dungeon.
You worshipped Lugonu.
Lugonu was most pleased with you.
You visited 1 branch of the dungeon, and saw 2 of its levels.
You visited the Abyss 1 time.

You collected 81 gold pieces.

Inventory:

Hand Weapons
 a - a +1 mace (weapon)
Armour
 b - a +0 buckler (worn)
 f - a +0 ring mail (worn)
Scrolls
 c - a scroll of magic mapping {unknown}
 e - 2 scrolls of poison {unknown}
 g - 3 scrolls of fear {unknown}
 h - a scroll of vulnerability {unknown}
 j - 3 scrolls of identify {unknown}
 m - a scroll of silence {unknown}
Potions
 d - a potion of heal wounds {unknown}
 i - a potion of might {unknown}
 k - a potion of curing {unknown}
 l - a potion of berserk rage {unknown}


   Skills:
 + Level 3.5 Fighting
 * Level 2.6 Maces & Flails
 * Level 1.5 Throwing
 - Level 2.1 Armour
 - Level 0.8 Dodging
 * Level 1.3 Shields
 + Level 2.5 Invocations


You had 2 spell levels left.
You didn't know any spells.
Your spell library was empty.

Dungeon Overview and Level Annotations

Branches:
Dungeon (2/15)

Altars:

Shops:
D:1 [


Innate Abilities, Weirdness & Mutations

You cannot be hasted, slowed, berserked, paralysed or teleported.
You can dig through walls and to a lower floor.
You have a pair of large antennae on your head. (SInv)
Your four strong arms can wield two-handed weapons with a shield.


Message History

You kill the bat!
Lugonu accepts your kill.
You hit the goblin.
The goblin is severely wounded.
You block the goblin's attack.
You closely miss the goblin.
The goblin is severely wounded.
The goblin hits you with a +0 dagger.
You sock the goblin!
You kill the goblin!
Lugonu accepts your kill.
You can now banish your foes.
You sock the black bear!
The black bear is moderately wounded.
The black bear closely misses you. The black bear claws you. x2
You block the black bear's attack. The black bear barely misses you.
The black bear closely misses you.
You hit the black bear.
The black bear is heavily wounded.
The black bear bites you! The black bear closely misses you.
The black bear claws you.
You barely miss the black bear.
The black bear is heavily wounded.
The black bear closely misses you. The black bear claws you.
The black bear barely misses you.
You thump the black bear!
The black bear is severely wounded.
The black bear goes berserk!
You closely miss the black bear.
The black bear is severely wounded.
The black bear bites you but does no damage.
The black bear claws you. x2
* * * LOW HITPOINT WARNING * * *
The black bear barely misses you.
The black bear claws you but does no damage. x2
You hit the black bear.
The black bear is almost dead.
The black bear bites you but does no damage.
The black bear misses you. The black bear barely misses you.
The black bear bites you!
You die...

#..........# #.#
#......##..# #.#
#..........# #.#
####.####.###.#
..#.# #.###.# ..
#.#. #.##..# ..#
#... #.##.## ....
#.#####....# ....
#..h@....###
.....
###.####...#
.!..h###
#...###....#
....{'.#
#.#..†.....# #.##
#...####<.)#
#..###..#####...#
#...........#...#
#...>.......#...#
#...........#...#


You could see a black bear (berserk).

Vanquished Creatures
  An adder (D:1)
  A dart slug (D:1)
  3 endoplasms (D:1)
  A giant cockroach (D:1)
  5 hobgoblins
  2 jackals (D:1)
  A kobold (D:1)
  2 quokkas (D:1)
  4 ball pythons
  3 bats
  4 goblins
  2 rats
  A spectral hobgoblin (D:1)
30 creatures vanquished.

Notes
Turn   | Place    | Note
-------+----------+-------------------------------------------
     0 | Abyss:1  | Godmorgon the Formicid Abyssal Knight began the quest for
                  | the Orb.
     0 | Abyss:1  | Reached XP level 1. HP: 18/18 MP: 2/2
     1 | D:1      | Escaped the Abyss
    45 | D:1      | Found a faded altar of an unknown god.
   134 | D:1      | Reached XP level 2. HP: 21/24 MP: 3/3
   297 | D:1      | Found Jilyhox's Armour Shoppe.
   303 | D:1      | Reached skill level 1 in Throwing
   419 | D:1      | Reached XP level 3. HP: 29/29 MP: 4/4
   535 | D:1      | Reached skill level 1 in Shields
   801 | D:1      | HP: 1/29 [poisoned by an adder]
  1216 | D:2      | Noticed a black bear
  1233 | D:2      | Reached *** piety under Lugonu
  1239 | D:2      | Slain by a black bear

Illustrated notes

Levels and vault maps discovered:
D:1:      minmay_arrival_checkered_box, layout_loops_ring,
          dreamdust_ecumenical_altar_drowned_temple, serial_shops, shop
D:2:      layout_basic

Skill      XL: |  1  2  3 |
---------------+----------+-----
Throwing       | 1 |  1.5
Shields        | 1 |  1.3
Fighting       | |  3.5
Maces & Flails | |  2.6
Armour         | |  2.1
Dodging        | |  0.8
Invocations    | |  2.5

Action                   || total
-------------------------++-------
Melee: Mace              ||    78
 Abil: Dig               ||     1
 Stab: Sleeping          ||     1
Armor: Leather armour    ||     4
       Ring mail         ||    25
Dodge: Dodged            ||    49
Block: Buckler           ||    15
